 Dungeon Crawl Stone Soup version 0.31-a0-1405-g2bb1a01664 (webtiles) character file.

Game seed: 9326079594737309877

1668 grandjackal the Trooper (level 8, -3/67 HPs)
             Began as a Demonspawn Gladiator on Dec 25, 2023.
             Was a Follower of Okawaru.
             Slain by an unseen horror zombie (7 damage)
             ... on level 7 of the Dungeon.
             The game lasted 00:07:54 (7572 turns).

grandjackal the Trooper (Demonspawn Gladiator)      Turns: 7572, Time: 00:07:56

Health: -3/67      AC:  5    Str: 14    XL:     8   Next: 69%
Magic:  11/11      EV: 14    Int:  4    God:    Okawaru [*.....]
Gold:   40         SH:  0    Dex: 17    Spells: 7/7 levels left

rFire   . . .        y - +0 great sword
rCold   + . .        (shield currently unavailable)
rNeg    + . .        b - +0 leather armour
rPois   .            (helmet restricted)
rElec   .            (no cloak)
rCorr   .            (no gloves)
SInv    +            (no boots)
Will    .....        (no amulet)
Stlth   +            w - ring "Etiezo Wozaw" {rC+ rN+ Int-5 SInv}
HPRegen 0.31/turn    (no ring)
MPRegen 0.12/turn

%: no passive effects
@: no status effects
A: horns 1, rugged brown scales 2
a: Renounce Religion, Heroism


You were on level 7 of the Dungeon.
You worshipped Okawaru.
Okawaru was aware of your devotion.
You visited 2 branches of the dungeon, and saw 8 of its levels.

You collected 289 gold pieces.
You spent 249 gold pieces at shops.

Inventory:

Hand Weapons
 a - a +0 long sword
 s - a +2 dagger of venom
 y - a +0 great sword (weapon)
Missiles
 d - 2 throwing nets (quivered)
 e - a javelin
Armour
 b - a +0 leather armour (worn)
Jewellery
 w - the ring "Etiezo Wozaw" (left hand) {rC+ rN+ Int-5 SInv}
   (You bought it in a shop on level 1 of the Dungeon)

   [ring of see invisible]

   Int-5:     It affects your intelligence (-5).
   rC+:       It protects you from cold.
   rN+:       It protects you from negative energy.
   SInv:      It lets you see invisible.
Scrolls
 f - 2 scrolls of poison {unknown}
 g - a scroll of fear {unknown}
 h - 3 scrolls of immolation {unknown}
 i - 5 scrolls of identify
 l - a scroll of brand weapon {unknown}
 m - a scroll of summoning {unknown}
 n - a scroll of fog {unknown}
 q - a scroll of amnesia {unknown}
 r - 3 scrolls of teleportation {unknown}
 v - a scroll of vulnerability {unknown}
 x - a scroll of revelation {unknown}
Potions
 c - a potion of might {unknown}
 j - a potion of resistance
 k - 4 potions of curing
 o - a potion of mutation
 p - a potion of cancellation
 t - 2 potions of brilliance
 u - a potion of degeneration {unknown}
 z - a potion of ambrosia {unknown}
 A - a potion of lignification {unknown}


   Skills:
 + Level 6.3 Fighting
 + Level 6.0 Long Blades
 - Level 2.0 Throwing
 + Level 6.0 Dodging
 + Level 4.9 Invocations


You had 7 spell levels left.
You didn't know any spells.
Your spell library contained the following spells:

 Spells                   Type           Power      Damage    Failure   Level
 Frozen Ramparts          Ice            0%         1d1       91%         3
 Leda's Liquefaction      Alch/Erth      0%         N/A       100%        4
 Petrify                  Alch/Erth      0%         N/A       100%        4
 Metabolic Englaciation   Hex/Ice        0%         N/A       100%        5


Dungeon Overview and Level Annotations

Branches:
Dungeon (7/15)             Temple (1/1) D:4

Altars:
Ashenzari
Cheibriados
Dithmenos
Fedhas
Hepliaklqana
Makhleb
Nemelex Xobeh
Okawaru
Qazlal
Vehumet
Wu Jian
Xom
Yredelemnul

Shops:
D:1 !*=:[


Innate Abilities, Weirdness & Mutations

You have a pair of small horns on your head.
You are mostly covered in rugged brown scales. (AC +2, +5% HP)


Message History

The ufetubus hits you but does no damage.
You hit the unseen horror zombie.
The unseen horror zombie is severely damaged.
The unseen horror zombie hits you.
* * * LOW HITPOINT WARNING * * *
The unseen horror zombie misses you.
The unseen horror zombie barely misses you.
The ufetubus hits you but does no damage. x2
The unseen horror zombie misses you.
The ufetubus hits you but does no damage. x2
You hit the unseen horror zombie but do no damage.
You headbutt the unseen horror zombie.
The unseen horror zombie is almost destroyed.
The unseen horror zombie barely misses you. x2
The ufetubus hits you but does no damage.
The ufetubus hits you.
* * * LOW HITPOINT WARNING * * *
The unseen horror zombie barely misses you.
The ufetubus closely misses you. The ufetubus completely misses you.
The unseen horror zombie hits you.
* * * LOW HITPOINT WARNING * * *
You feel better. The unseen horror zombie hits you.
* * * LOW HITPOINT WARNING * * *
The unseen horror zombie closely misses you.
The ufetubus barely misses you. The ufetubus misses you.
The unseen horror zombie hits you but does no damage.
The ufetubus hits you but does no damage. x2
You hit the unseen horror zombie.
You headbutt the unseen horror zombie, but do no damage.
The unseen horror zombie is almost destroyed.
The unseen horror zombie hits you.
* * * LOW HITPOINT WARNING * * *
The unseen horror zombie closely misses you.
The unseen horror zombie hits you but does no damage.
The ufetubus misses you. The ufetubus hits you.
* * * LOW HITPOINT WARNING * * *
The ufetubus closely misses you.
The ufetubus hits you but does no damage.
The unseen horror zombie hits you!
You die...

##### #...#
##################...#
.......5@Z...........#
##########.......#.<.#
#######.#######...#
.......5...# #...#
............# #####
.............#
.............#
.............#
.............#


You could see an ufetubus and an unseen horror zombie.

Vanquished Creatures
  Menkaure (D:6)
  2 water moccasins (D:6)
  2 ice beasts (D:5)
  A phantom (D:5)
  A kobold brigand (D:6)
  A scorpion (D:6)
  4 wights (D:6)
  A howler monkey (D:6)
  2 bombardier beetles (D:6)
  An orc priest (D:5)
  A jelly (D:5)
  2 sleepcaps
  5 iguanas
  6 orc wizards
  A hound zombie (D:3)
  A howler monkey zombie (D:3)
  A gnoll (D:3)
  10 adders
  3 ufetubi
  An adder zombie (D:3)
  2 worms
  17 orcs
  12 ball pythons
  8 endoplasms
  4 giant cockroaches
  5 goblins
  2 hobgoblins
  8 jackals
  11 kobolds
  4 quokkas
  A bat (D:1)
  5 frilled lizards
  A quokka zombie (D:3)
  6 rats
133 creatures vanquished.

Notes
Turn   | Place    | Note
-------+----------+-------------------------------------------
     0 | D:1      | grandjackal the Demonspawn Gladiator began the quest for
                  | the Orb.
     0 | D:1      | Reached XP level 1. HP: 16/16 MP: 1/1
   169 | D:1      | Found Laskos's Distillery.
   193 | D:1      | Gained mutation: You are partially covered in rugged brown
                  | scales. (AC +1, +3% HP) [demonic ancestry]
   193 | D:1      | Reached XP level 2. HP: 16/22 MP: 2/2
   286 | D:1      | Found Fopoyf's General Store.
   289 | D:1      | Found Suray's Jewellery Shop.
   377 | D:1      | Found Litor's Book Boutique.
   489 | D:1      | Found Muorasyxt's Armour Boutique.
   678 | D:2      | Gained mutation: You are mostly covered in rugged brown
                  | scales. (AC +2, +5% HP) [demonic ancestry]
   678 | D:2      | Reached XP level 3. HP: 12/29 MP: 3/3
   979 | D:2      | Found a broken altar of Ashenzari.
  1665 | D:2      | Reached XP level 4. HP: 31/36 MP: 4/4
  1871 | D:3      | Found an ornate altar of the Wu Jian Council.
  2069 | D:3      | Found a shimmering altar of Xom.
  2127 | D:3      | Reached XP level 5. HP: 27/43 MP: 5/5
  2194 | D:3      | Found a basalt altar of Yredelemnul.
  3142 | D:4      | Found a sparkling altar of Nemelex Xobeh.
  3188 | D:4      | Found a blossoming altar of Fedhas.
  3236 | D:4      | Found a staircase to the Ecumenical Temple.
  3553 | D:5      | Entered Level 5 of the Dungeon
  3571 | D:5      | Found a snail-covered altar of Cheibriados.
  3575 | D:5      | Noticed a phantom
  3586 | D:5      | Killed a phantom
  3587 | D:5      | Reached XP level 6. HP: 41/50 MP: 6/6
  4258 | D:5      | Noticed an ice beast
  4290 | D:5      | Killed an ice beast
  4291 | D:5      | Gained mutation: You have a pair of small horns on your
                  | head. [demonic ancestry]
  4291 | D:5      | Reached XP level 7. HP: 26/57 MP: 7/7
  4496 | Temple   | Entered the Ecumenical Temple
  4521 | Temple   | Became a worshipper of Warmaster Okawaru
  4978 | D:4      | Reached skill level 1 in Invocations
  5054 | D:5      | Reached skill level 5 in Fighting
  5132 | D:5      | Found a shadowy altar of Dithmenos.
  5181 | D:5      | Reached skill level 5 in Long Blades
  5181 | D:5      | Reached skill level 5 in Dodging
  5486 | D:6      | Found a radiant altar of Vehumet.
  5508 | D:6      | Reached * piety under Okawaru
  5685 | D:6      | Reached XP level 8. HP: 58/66 MP: 10/10
  5924 | D:1      | Bought the ring "Etiezo Wozaw" {rC+ rN+ Int-5 SInv} for 249
                  | gold pieces
  6545 | D:6      | HP: 2/62 [wight/+0 halberd (4)]
  6985 | D:6      | Found a hazy altar of Hepliaklqana.
  7156 | D:6      | Noticed Menkaure
  7164 | D:6      | Killed Menkaure
  7572 | D:7      | Slain by an unseen horror zombie

Illustrated notes

Levels and vault maps discovered:
D:1:      minmay_arrival_semitransparent, layout_rooms, serial_shops,
          nicolae_shop_back_alley_shop, nicolae_shop_advertising_works
          [nicolae_subvault_shop_adworks], shop, shop, nicolae_shop_waterfront,
          minmay_misc_feat_tower, hangedman_glass_teeth
D:2:      layout_loops_ring, basic_altar, dreamdust_princess_bridge,
          chequers_serial_rivers_micro_e, nrook_mini_backslash
D:3:      minmay_bubble_buster, layout_basic,
          nicolae_wu_jian_immortal_techniques, nicolae_yredelemnul_corpse_copse,
          mainiacjoe_overflow_cross_hatched
D:4:      layout_loops_ring, fedhas_altar_fruit_tree,
          nicolae_overflow_crystal_walls
D:5:      layout_rooms, nicolae_tso_carved_into_rock,
          mainiacjoe_overflow_24_doors, mainiacjoe_overflow_six_doors_small
D:6:      layout_cave_pods, nicolae_hepliaklqana_hippocampus,
          mainiacjoe_overflow_small_starburst, uniq_menkaure
D:7:      layout_rooms, kennysheep_mini, serial_undead, serial_undead_f,
          serial_undead_e, serial_undead_e, serial_undead_f, serial_undead_a,
          minmay_the_grid_2x2 [minmay_the_grid_spikes, minmay_the_grid_tri_star,
          minmay_the_grid_square_x, minmay_the_grid_prize_four_corners]
Temple:   nicolae_temple_superstar

Skill      XL: |  1  2  3  4  5  6  7  8 |
---------------+-------------------------+-----
Throwing       | 2 |  2.0
Dodging        | 3 4 5 6 |  6.0
Long Blades    | 3 4 5 6 |  6.0
Fighting       | 3 4 5 6 |  6.3
Invocations    | 3 4 |  4.9

Action                     |  1- 3 |  4- 6 |  7- 9 || total
---------------------------+-------+-------+-------++-------
  Melee: Long sword        |   123 |   232 |    92 ||   447
         Punch             |     2 |     2 |     6 ||    10
         Headbutt          |       |       |    41 ||    41
         Great sword       |       |       |    58 ||    58
  Throw: Throwing net      |       |       |     4 ||     4
    Use: Scroll            |       |     5 |       ||     5
         Potion            |       |     1 |     2 ||     3
   Stab: Sleeping          |     1 |     3 |       ||     4
         Held in net/web   |       |       |     2 ||     2
         Distracted        |       |       |     1 ||     1
 Armour: Leather armour    |    72 |   147 |   134 ||   353
  Dodge: Dodged            |    89 |   152 |   187 ||   428

Table legend: (Time is in decaauts)
 A = Elapsed time spent in this place.
 B = Non-inter-level travel time spent in this place.
 C = Inter-level travel time spent in this place.
 D = Time resting spent in this place.
 E = Time spent auto-exploring this place.
 F = Levels seen in this place.
 G = Mean time per level.
                   A        B        C        D        E       F      G
               +--------+--------+--------+--------+--------+-----+--------+
         Total |   7703 |   7062 |    641 |   1863 |   3854 |   8 |  962.9 |
       Dungeon |   7652 |   7061 |    591 |   1863 |   3854 |   7 | 1093.1 |
        Temple |     50 |      1 |     49 |      0 |      0 |   1 |   50.0 |
               +--------+--------+--------+--------+--------+-----+--------+

Top non-repeatable levels by time:
     D:6: 1882 daAuts
     D:5: 1347 daAuts
     D:3: 1307 daAuts
     D:4: 1301 daAuts
     D:2: 1095 daAuts
     D:1: 678 daAuts
  Temple: 50 daAuts
     D:7: 41 daAuts
